 Dungeon Crawl Stone Soup version 0.30-a0-377-g5cb311bc9f (webtiles) character file.

Game seed: 13032687191880850475

58 SmokeWeed the Cudgeller (level 3, -4/30 HPs)
             Began as a Minotaur Gladiator on Nov 28, 2022.
             Slain by a gnoll
             ... wielding a +0 halberd
              (9 damage)
             ... on level 2 of the Dungeon.
             The game lasted 00:04:38 (1310 turns).

SmokeWeed the Cudgeller (Minotaur Gladiator)        Turns: 1310, Time: 00:04:39

Health: -4/30      AC:  9    Str: 18    XL:     3   Next: 76%
Magic:  2/2        EV: 11    Int:  7    God:
Gold:   61         SH:  0    Dex: 17    Spells: 2/2 levels left

rFire   . . .      SeeInvis .    q - +0 mace
rCold   . . .      Faith    .    (no shield)
rNeg    . . .      Spirit   .    m - +0 scale mail
rPois   .          Reflect  .    c - +0 hat
rElec   .          Harm     .    u - +2 cloak
rCorr   .          Rampage  .    (no gloves)
Will    .....                    (no boots)
Stlth   ..........               (no amulet)
HPRegen 0.25/turn                r - ring of flight
MPRegen 0.08/turn                s - +6 ring of dexterity

@: flying
A: horns 2, retaliatory headbutt
a: no special abilities


You were on level 2 of the Dungeon.
You visited 1 branch of the dungeon, and saw 2 of its levels.

You collected 61 gold pieces.

Inventory:

Hand Weapons
 a - a +0 flail
 q - a +0 mace (weapon)
Missiles
 d - 2 throwing nets
 g - 28 stones
 i - 6 poisoned darts (quivered)
Armour
 c - a +0 hat (worn)
 m - a +0 scale mail (worn)
 u - a +2 cloak (worn)
Magical Staves
 k - a staff of death
Jewellery
 r - a ring of flight (left hand)
 s - a +6 ring of dexterity (right hand)
Scrolls
 b - a scroll of teleportation {unknown}
 f - a scroll of noise {unknown}
 j - 2 scrolls of identify {unknown}
 p - 3 scrolls of immolation {unknown}
Potions
 h - 2 potions of magic {unknown}
 l - a potion of haste {unknown}
 n - a potion of heal wounds {unknown}
 o - a potion of degeneration {unknown}
 t - a potion of ambrosia {unknown}


   Skills:
 + Level 2.8 Fighting
 + Level 4.6 Maces & Flails
 + Level 2.1 Throwing
 + Level 1.5 Armour
 + Level 3.8 Dodging


You had 2 spell levels left.
You didn't know any spells.
Your spell library was empty.

Dungeon Overview and Level Annotations

Branches:
Dungeon (2/15)

Altars:


Innate Abilities, Weirdness & Mutations

You have a pair of horns on your head.
You reflexively headbutt those who attack you in melee.


Message History

The gnoll is almost dead.
You hear an angry hiss.
An adder comes into view.
Okay, then.
Throw: 9 darts (poison)
Press: ? - help, Q - select action, (/) - cycle Shift-Dir - straight line, f/p - gnoll
Aim: a gnoll, wielding a +0 flail (heavily wounded, 65% to hit)
You throw a poisoned dart. The poisoned dart hits the gnoll.
The gnoll is poisoned.
The gnoll is heavily wounded.
Throw: 8 darts (poison)
Press: ? - help, Q - select action, (/) - cycle Shift-Dir - straight line, f/p - gnoll
Aim: a gnoll, wielding a +0 flail (heavily wounded, poisoned, 65% to hit)
You throw a poisoned dart. The poisoned dart hits the gnoll.
The gnoll is heavily wounded.
The gnoll hits you but does no damage.
You hit the gnoll. You punch the gnoll.
You kill the gnoll!
The gnoll closely misses you. The gnoll hits you with a +0 halberd.
Things that are here:
a +0 flail; a poisoned dart Unknown command.
You barely miss the gnoll. Your headbutt misses the gnoll.
The gnoll hits you but does no damage.
You hit the gnoll but do no damage. You headbutt the gnoll!
You punch the gnoll.
The gnoll is severely wounded.
The gnoll hits you with a +0 halberd!
Throw: 7 darts (poison)
Press: ? - help, Q - select action, (/) - cycle Shift-Dir - straight line, f - gnoll
Aim: a gnoll, wielding a +0 halberd (severely wounded, 65% to hit)
You throw a poisoned dart. The poisoned dart hits the gnoll.
The gnoll is severely wounded.
The gnoll hits you with a +0 halberd!
* * * LOW HITPOINT WARNING * * *
You hit the gnoll.
The gnoll is severely wounded.
The gnoll hits you with a +0 halberd!
You die...

#.# #(# #.# #.#
#S# #.# #g# #.#
#g# #.# #g# #.#
#@# #.#
#.#####.#######
#.....[........
#######.#######
#.######
#......#
######.# #.#
#.#


You could see 3 gnolls and an adder.

Vanquished Creatures
  A gnoll (D:2)
  2 adders (D:2)
  A worm (D:2)
  A bat (D:1)
  3 endoplasms
  A giant cockroach (D:2)
  3 goblins
  2 hobgoblins (D:1)
  3 jackals (D:1)
  2 kobolds (D:1)
  3 quokkas
  A ball python (D:1)
  A frilled lizard (D:2)
  A rat (D:1)
25 creatures vanquished.

Vanquished Creatures (others)
  3 plants (D:1)
3 creatures vanquished.

Grand Total: 28 creatures vanquished

Notes
Turn   | Place    | Note
-------+----------+-------------------------------------------
     0 | D:1      | SmokeWeed the Minotaur Gladiator began the quest for the
                  | Orb.
     0 | D:1      | Reached XP level 1. HP: 18/18 MP: 0/0
   109 | D:1      | Found a faded altar of an unknown god.
   290 | D:1      | Reached XP level 2. HP: 25/25 MP: 1/1
   377 | D:1      | Reached skill level 4 in Maces & Flails
  1017 | D:2      | Reached skill level 1 in Armour
  1060 | D:2      | Reached XP level 3. HP: 23/30 MP: 2/2
  1310 | D:2      | Slain by a gnoll

Illustrated notes

Levels and vault maps discovered:
D:1:      dpeg_arrival_castle, layout_loops_ring,
          ebering_ecumenical_altar_sacrificial, st_stairs_5, serial_bayou_lake_a
D:2:      layout_loops_ring

Skill      XL: |  1  2 |
---------------+-------+-----
Maces & Flails | 4 |  4.6
Armour         | 1 |  1.5
Fighting       | |  2.8
Throwing       | |  2.1
Dodging        | |  3.8

Action                   || total
-------------------------++-------
Melee: Flail             ||    20
       Headbutt          ||     9
       Mace              ||    40
       Punch             ||     3
Throw: Throwing net      ||     1
       Dart              ||     3
       Javelin           ||     1
Armor: Leather armour    ||     3
       Scale mail        ||    21
Dodge: Dodged            ||    36

Table legend: (Time is in decaauts)
 A = Elapsed time spent in this place.
 B = Non-inter-level travel time spent in this place.
 C = Inter-level travel time spent in this place.
 D = Time resting spent in this place.
 E = Time spent auto-exploring this place.
 F = Levels seen in this place.
 G = Mean time per level.
                   A        B        C        D        E       F      G
               +--------+--------+--------+--------+--------+-----+--------+
         Total |   1347 |   1256 |     91 |     45 |    959 |   2 |  673.5 |
       Dungeon |   1347 |   1256 |     91 |     45 |    959 |   2 |  673.5 |
               +--------+--------+--------+--------+--------+-----+--------+

Top non-repeatable levels by time:
     D:1: 1016 daAuts
     D:2: 330 daAuts
